Map: 永恒帝国-天梯版

Players

Silky

  • Race: Zerg Zerg
  • League: Master

iGXiGua (XiGua) - Winner!

  • Race: Zerg Zerg

Event: DreamHack SC2 Masters 2020 Fall

VOD

Have the link to the VOD?

Description

Time

  • Played on: Sept. 3, 2020, 7:52 a.m.
  • Length: 7:25

All games in this series

Show
View Real Time Build Order
Export as new Build Order

Silky Zerg 

Build Orders: Hatch First 

Get SALT Encoding   

  12  0:00  Drone  
  13  0:13  Overlord  
  13  0:17  Drone  
  14  0:33  Drone x2  
  16  0:48  Hatchery  
  15  0:52  Drone  
  15  0:55  Drone  
  17  0:58  Drone  
  18  1:06  Extractor  
  17  1:14  Spawning Pool  
  17  1:17  Drone  
  17  1:20  Drone  
  18  1:28  Drone  
  19  1:42  Drone  
  20  1:51  Drone  
  21  2:01  Queen x2  
  21  2:02  Zergling x4  
  21  2:07  Metabolic Boost  
  27  2:14  Overlord  
  27  2:15  Drone  
  28  2:32  Drone x2  
  30  2:37  Hatchery  
  30  2:40  Drone  
  30  2:41  Drone  
  31  2:45  Drone  
  31  2:48  Drone  
  33  2:55  Baneling Nest  
  33  2:58  Overlord  
  32  3:02  Drone  
  32  3:05  Drone  
  34  3:07  Overlord  
  34  3:11  Zergling x2  
  36  3:12  Drone  
  35  3:22  Drone x4  
  35  3:25  Zergling x2  
  35  3:26  Zergling x2  
  41  3:34  Evolution Chamber  
  40  3:35  Drone x2  
  40  3:40  Baneling  
  40  3:41  Drone x3, Baneling  
  43  3:45  Queen  
  47  3:52  Drone x3  
  47  3:53  Drone  
  47  3:55  Drone  
  52  4:01  Zergling x2, Zerg Missile Weapons Level 1  
  52  4:02  Drone  
  54  4:05  Zergling x2  
  54  4:08  Zergling x2  
  56  4:12  Overlord  
  56  4:14  Overlord  
  55  4:20  Baneling x2  
  55  4:21  Overlord  
  55  4:22  Drone  
  55  4:23  Drone  
  57  4:29  Lair  
  57  4:30  Roach Warren  
  57  4:31  Drone x3  
  58  4:36  Baneling  
  59  4:42  Drone x4  
  59  4:43  Extractor  
  59  4:45  Queen  
  62  4:48  Baneling  
  62  4:52  Zergling x2  
  64  4:53  Zergling x4  
  64  4:58  Baneling  
  64  4:59  Zergling x2  
  66  5:02  Baneling  
  64  5:07  Zergling x16  
  64  5:09  Drone  
  73  5:14  Extractor  
  73  5:20  Drone x4  
  73  5:26  Drone  
  74  5:31  Roach x2, Spine Crawler  
  77  5:37  Roach  
  77  5:38  Spine Crawler  
  77  5:39  Queen  
  77  5:40  Spine Crawler  
  77  5:41  Roach  
  81  5:43  Overlord  
  81  5:46  Queen, Baneling  
  81  5:54  Roach  
  73  5:59  Roach x4  
  73  6:01  Roach  
  73  6:02  Zergling x2  
  73  6:03  Zergling x8  
  81  6:06  Roach  
  81  6:10  Roach  
  81  6:11  Zergling x4  
  75  6:13  Queen  
  75  6:16  Roach  
  75  6:18  Roach  
  80  6:22  Zergling x2  
  80  6:25  Roach  
  74  6:26  Zergling x2  
  74  6:30  Roach  
  74  6:32  Zergling x2  
  60  6:35  Roach  
  60  6:36  Zergling x2  
  50  6:44  Roach  
  50  6:46  Zergling x2  
  46  6:48  Zergling x2  
  46  6:49  Zergling x10  
  45  6:56  Roach  
  42  7:02  Zergling x8  
Show
View Real Time Build Order
Export as new Build Order

iGXiGua Zerg - Winner!

Build Orders: Hatch First 

Get SALT Encoding   

  12  0:00  Drone  
  13  0:12  Overlord  
  13  0:16  Drone  
  14  0:30  Drone x2  
  16  0:48  Hatchery  
  15  0:51  Drone  
  15  0:54  Drone  
  17  0:58  Drone  
  18  1:08  Extractor  
  17  1:13  Spawning Pool  
  17  1:17  Drone  
  17  1:20  Drone  
  18  1:28  Drone  
  19  1:38  Drone  
  20  1:49  Overlord  
  20  2:00  Queen x2  
  20  2:01  Drone, Zergling x2  
  26  2:08  Metabolic Boost  
  26  2:11  Drone  
  26  2:12  Drone  
  28  2:22  Drone x2  
  30  2:33  Zergling x4  
  32  2:40  Hatchery  
  31  2:46  Baneling Nest  
  31  2:49  Overlord  
  30  2:53  Drone  
  31  2:59  Drone  
  31  3:00  Drone  
  33  3:06  Zergling x2  
  33  3:07  Zergling x2  
  35  3:13  Drone x4  
  35  3:16  Drone  
  39  3:21  Overlord  
  39  3:23  Drone  
  39  3:26  Drone  
  41  3:32  Evolution Chamber  
  41  3:33  Drone  
  42  3:34  Drone  
  42  3:39  Drone  
  43  3:42  Drone x3  
  43  3:44  Extractor  
  45  3:51  Queen  
  47  3:57  Roach Warren  
  47  3:59  Drone x2  
  47  4:02  Overlord  
  48  4:04  Zergling x2  
  48  4:05  Zergling x2  
  50  4:12  Overlord  
  50  4:19  Zergling x12  
  56  4:26  Overlord  
  56  4:34  Baneling x2  
  56  4:39  Roach x6  
  56  4:42  Overlord  
  56  4:44  Roach  
  70  4:48  Roach  
  70  4:51  Roach  
  73  4:58  Roach x3  
  74  5:12  Zergling x16  
  77  5:20  Zergling x2  
  76  5:22  Zergling x2  
  76  5:24  Zergling x2  
  78  5:29  Zerg Missile Weapons Level 1  
  78  5:31  Zergling x4  
  80  5:36  Zergling x2  
  80  5:41  Zergling x2  
  82  5:43  Zergling x2  
  82  5:45  Baneling x2  
  82  5:46  Zergling x2  
  82  5:47  Zergling x12  
  88  5:52  Zergling x2  
  88  5:53  Zergling x4  
  88  5:55  Ravager x2  
  89  5:57  Overlord  
  89  5:59  Overlord  
  89  6:02  Zergling x2  
  88  6:11  Zergling x6  
  88  6:16  Ravager x2  
  88  6:18  Zergling x14  
  96  6:20  Zergling x4  
  96  6:23  Zergling x4  
  96  6:24  Zergling x2  
  96  6:28  Ravager x2  
  96  6:30  Ravager, Zergling x2  
  88  6:34  Zergling x2  
  88  6:35  Zergling x2  
  82  6:41  Zergling x4  
  82  6:44  Zergling x12  
  82  6:46  Ravager  
  87  6:48  Zergling x2  
  87  6:51  Zergling x2  
  85  6:57  Zergling x2  
  85  7:01  Zergling x4  
  87  7:04  Zergling x2  
  87  7:05  Ravager  
  87  7:07  Zergling x2  
  87  7:08  Zergling x4  

Tags
 
Add a new tag
Caveats
  • Supply blocks, unpowered buildings, or Contaminate may cause inaccurate times.
  • Supply counts are checked every 10 seconds.